 Dungeon Crawl Stone Soup version 0.28-a0-674-gdaf460b524 (webtiles) character file.

Game seed: 15880444090183910940

70 RepHenryClay the Conjurer (level 4, -2/27 HPs)
             Began as an Octopode Conjurer on Oct 18, 2021.
             Slain by Ijyb (5 damage)
             ... on level 3 of the Dungeon.
             The game lasted 00:02:05 (1913 turns).

RepHenryClay the Conjurer (Octopode Conjurer)       Turns: 1913, Time: 00:02:06

Health: -2/27      AC:  1    Str:  6    XL:     4   Next: 21%
Magic:  0/7        EV: 13    Int: 21    God:
Gold:   61         SH:  0    Dex: 10    Spells: 4/7 levels left

rFire   . . .      SeeInvis .   (no weapon)
rCold   . . .      Faith    .   (no shield)
rNeg    . . .      Spirit   .   (helmet restricted)
rPois   .          Reflect  .   (no amulet)
rElec   .          Harm     .   (no ring)
rCorr   .          Rampage  .   (no ring)
Will    .....                   (no ring)
Stlth   +++.......              (no ring)
HPRegen 0.09/turn               (no ring)
MPRegen 0.10/turn               (no ring)
                                (no ring)
                                (no ring)

@: flying, hasted, very quick
A: almost no armour, amphibious, 8 rings, camouflage 1, gelatinous body 1,
(nimble swimmer 1), tentacles
a: no special abilities


You were on level 3 of the Dungeon.
You visited 1 branch of the dungeon, and saw 3 of its levels.

You collected 61 gold pieces.

Inventory:

Scrolls
 c - 2 scrolls of teleportation {unknown}
 e - a scroll of brand weapon {unknown}
 h - a scroll of holy word {unknown}
 i - a scroll of identify {unknown}
 l - a scroll of magic mapping {unknown}
Potions
 b - a potion of attraction {unknown}
 d - a potion of might {unknown}
 f - 2 potions of flight
 g - a potion of curing {unknown}
 j - a potion of heal wounds {unknown}
 k - a potion of degeneration {unknown}


   Skills:
 - Level 2.0 Dodging
 - Level 2.6 Stealth
 - Level 2.0 Spellcasting
 + Level 5.6 Conjurations


You had 4 spell levels left.
You knew the following spells:

 Your Spells              Type           Power      Damage    Failure   Level
a - Magic Dart            Conj           100%       1d8       1%          1
b - Searing Ray           Conj           50%        2d6       2%          2

Your spell library contained the following spells:

 Spells                   Type           Power      Damage    Failure   Level
 Dazzling Flash           Conj/Hex       26%        N/A       14%         3
 Fulminant Prism          Conj/Hex       6%         3d7       43%         4
 Iskenderun's Mystic Bla  Conj/Tloc      13%        2d5       43%         4
 Olgreb's Toxic Radiance  Pois           2%         N/A       82%         4
 Ozocubu's Refrigeration  Ice            1%         4d5       100%        7
 Ignition                 Fire           1%         3d3       100%        8


Dungeon Overview and Level Annotations

Branches:
Dungeon (3/15)

Altars:
Dithmenos

Annotations:
D:3 Ijyb


Innate Abilities, Weirdness & Mutations

You cannot wear most types of armour.
You are amphibious.
You can wear up to eight rings at the same time.
Your skin changes colour to match your surroundings (Stealth+).
Your rubbery body absorbs attacks. (AC +1, EV +1)
((You are camouflaged near water. (Stealth+)))
You have tentacles for arms and can constrict up to eight enemies at once.


Message History

Aim: Ijyb, wielding a +0 dagger, wearing a +0 leather armour and carrying a wand of flame (15) (asleep, 100% to hit)
The searing ray hits Ijyb!
Ijyb is moderately wounded.
Ijyb shouts! (Press . to maintain the ray.)
The searing ray hits Ijyb!
Ijyb is severely wounded.
The searing ray misses Ijyb.
The searing ray hits Ijyb.
Ijyb is almost dead.
You finish channelling your searing ray.
Casting: Searing Ray (safe; 2% risk of failure)
Confirm with . or Enter, or press ? or * to list all spells.
Aiming: Searing Ray (safe; 2% risk of failure)
Press: ? - help, Shift-Dir - straight line, f/p - Ijyb
Aim: Ijyb, wielding a +0 dagger, wearing a +0 leather armour and carrying a wand of flame (15) (severely wounded, 74% to hit)
The searing ray hits Ijyb.
Ijyb is almost dead. (Press . to maintain the ray.) Ijyb closely misses you.
Unknown command.
Without enough magic to sustain it, your searing ray dissipates.
Ijyb zaps a wand.
The puff of flame hits you!
Huge Dmg: -44%(-12hp) hp: 56%(15hp)
You tentacle-slap Ijyb but do no damage.
You grab Ijyb.
Ijyb is almost dead.
You constrict Ijyb, but do no damage.
Ijyb zaps a wand.
The puff of flame hits you!
* * * LOW HITPOINT WARNING * * *
Huge Dmg: -33%(-9hp) hp: 23%(6hp) It was a potion of flight.
You feel very buoyant.
You fly up into the air.
You constrict Ijyb, but do no damage. Ijyb hits you with a +0 dagger.
* * * LOW HITPOINT WARNING * * *
Huge Dmg: -11%(-3hp) hp: 12%(3hp) It was a potion of haste.
You feel yourself speed up.
You constrict Ijyb. Ijyb hits you with a +0 dagger.
You die...

###########
#.........#
#.........####
#............#
#.........##@#
#.........##g#
#.........##.#
#.........##.#
####.#######.#
#.# #.#
####.#######.#
#............#
#.##.##########


You could see Ijyb.

Vanquished Creatures
  3 adders (D:2)
  2 worms
  4 ball pythons (D:1)
  4 bats (D:2)
  3 endoplasms
  2 giant cockroaches
  6 goblins
  4 hobgoblins
  A quokka (D:2)
  2 frilled lizards
  5 kobolds
  A rat (D:1)
37 creatures vanquished.

Notes
Turn   | Place    | Note
-------+----------+-------------------------------------------
     0 | D:1      | RepHenryClay the Octopode Conjurer began the quest for the
                  | Orb.
     0 | D:1      | Reached XP level 1. HP: 11/11 MP: 3/3
   113 | D:1      | You fall into a shaft and drop 1 floor!
   120 | D:2      | Reached XP level 2. HP: 13/17 MP: 0/5
   344 | D:1      | Reached XP level 3. HP: 21/21 MP: 2/6
   635 | D:1      | Reached skill level 5 in Conjurations
   835 | D:1      | Noticed a floating eye
   838 | D:1      | Found a faded altar of an unknown god.
   839 | D:1      | Noticed a great orb of eyes
   839 | D:1      | Noticed a shining eye
   839 | D:1      | Noticed a great orb of eyes
   984 | D:1      | Learned a level 2 spell: Searing Ray
  1339 | D:2      | Reached XP level 4. HP: 22/27 MP: 1/7
  1750 | D:3      | Found a shadowy altar of Dithmenos.
  1903 | D:3      | Noticed Ijyb
  1913 | D:3      | Slain by Ijyb

Illustrated notes

Levels and vault maps discovered:
D:1:      minmay_arrival_pointy, layout_loops_ring,
          hellmonk_ecumenical_altar_watching_god, minmay_pentomino_q4
D:2:      layout_basic
D:3:      layout_basic, lemuel_coloured_pillars_altar,
          mainiacjoe_overflow_concentric_impassable, uniq_ijyb

Skill      XL: |  1  2  3 |
---------------+----------+-----
Conjurations   | 5 |  5.6
Dodging        | |  2.0
Stealth        | |  2.6
Spellcasting   | |  2.0

Action                   |  1- 3 |  4- 6 || total
-------------------------+-------+-------++-------
Melee: Unarmed           |    17 |     4 ||    21
       Constrict         |     6 |     2 ||     8
       Tentacles         |     5 |     1 ||     6
 Cast: Magic Dart        |    40 |     6 ||    46
       Searing Ray       |     1 |     3 ||     4
  Use: Potion            |       |     2 ||     2
 Stab: Sleeping          |       |     1 ||     1
Armor: Skin              |     2 |       ||     2
Dodge: Dodged            |    10 |     4 ||    14

Table legend: (Time is in decaauts)
 A = Elapsed time spent in this place.
 B = Non-inter-level travel time spent in this place.
 C = Inter-level travel time spent in this place.
 D = Time resting spent in this place.
 E = Time spent auto-exploring this place.
 F = Levels seen in this place.
 G = Mean time per level.
                   A        B        C        D        E       F      G
               +--------+--------+--------+--------+--------+-----+--------+
         Total |   1913 |   1843 |     70 |     51 |   1601 |   3 |  637.7 |
       Dungeon |   1913 |   1843 |     70 |     51 |   1601 |   3 |  637.7 |
               +--------+--------+--------+--------+--------+-----+--------+

Top non-repeatable levels by time:
     D:1: 922 daAuts
     D:2: 828 daAuts
     D:3: 162 daAuts
